[Event "ICCopen2016"]
[Site "Internet Chess Club"]
[Date "2016.06.04"]
[Round "3"]
[White "A4-H5"]
[Black "dafresh"]
[Result "0-1"]
[ICCResult "White checkmated"]
[WhiteElo "1798"]
[BlackElo "2232"]
[Opening "King's Indian: Torre attack"]
[ECO "A48"]
[NIC "QP.01"]
[Time "14:23:54"]
[TimeControl "180+0"]

1. d4 Nf6 2. Nf3 g6 3. Bg5 Bg7 4. Nc3 d5 5. Qd2 Ne4 6. Nxe4 dxe4 7. Ng1 c5
8. O-O-O Qxd4 9. c3 Qxd2+ 10. Rxd2 Nc6 11. Be3 b6 12. f3 Ne5 13. Kc2 Nc4 14.
Bf4 e5 15. b3 Nxd2 16. Bxd2 Bf5 17. g4 e3+ 18. gxf5 exd2 19. fxg6 O-O-O 20.
Kd1 hxg6 21. e4 f5 22. h3 Kc7 23. Rh2 fxe4 24. fxe4 Rhf8 25. Bc4 Rf4 26. Bd5
Rf1+ 27. Kxd2 Rxg1 28. Rf2 Bh6+ 29. Kd3 Rd1+ 30. Kc4 a6 31. a4 Rd2 32. b4
Rxf2 33. a5 b5+ 34. Kxc5 Be3# {White checkmated} 0-1

[Event "ICCopen2016"]
[Site "Internet Chess Club"]
[Date "2016.06.04"]
[Round "3"]
[White "whiteshark"]
[Black "TitanRivas"]
[Result "1-0"]
[ICCResult "Black forfeits on time"]
[WhiteElo "2536"]
[BlackElo "1851"]
[Opening "Giuoco Pianissimo"]
[ECO "C55"]
[NIC "IG.01"]
[Time "14:23:58"]
[TimeControl "180+0"]

1. e4 e5 2. Nf3 Nc6 3. Bc4 Nf6 4. d3 Bc5 5. c3 d6 6. b4 Bb6 7. a4 a6 8. Bb3
O-O 9. h3 Be6 10. Bc2 h6 11. Qe2 Qd7 12. Be3 Ba7 13. Nbd2 Ne7 14. g4 Ng6 15.
g5 hxg5 16. Nxg5 d5 17. Bxa7 Rxa7 18. O-O-O d4 19. c4 b5 20. a5 bxc4 21.
Nxc4 Bxc4 22. dxc4 Rb7 23. c5 Rxb4 24. Qxa6 Rfb8 25. Rhg1 Qb5 26. Qxb5 R4xb5
27. Kd2 Rxa5 28. Rb1 Rab5 29. Rxb5 Rxb5 30. Ra1 Nf8 31. Ra8 g6 32. c6 Kg7
33. Rc8 Rc5 34. Rxc7 Ne8 35. Rxf7+ Kg8 36. Rxf8+ Kxf8 37. Ne6+ Ke7 38. Nxc5
Kd6 39. Nd3 Kxc6 40. Ba4+ Kd6 41. Bxe8 {Black forfeits on time} 1-0

[Event "ICCopen2016"]
[Site "Internet Chess Club"]
[Date "2016.06.04"]
[Round "3"]
[White "Bozhenka"]
[Black "HuevosDeLeon"]
[Result "0-1"]
[ICCResult "White checkmated"]
[WhiteElo "2946"]
[BlackElo "2686"]
[Opening "QGA: 3.e4"]
[ECO "D20"]
[NIC "QG.04"]
[Time "14:22:58"]
[TimeControl "180+0"]

1. d4 d5 2. c4 dxc4 3. e4 e5 4. Nf3 exd4 5. Bxc4 Nc6 6. O-O Be6 7. Bxe6 fxe6
8. Qb3 Qd7 9. Qxb7 Rb8 10. Qa6 Nf6 11. Nbd2 Bb4 12. Qd3 Bxd2 13. Nxd2 O-O
14. b3 Ne5 15. Qg3 Ng6 16. Ba3 Rf7 17. Rfe1 Nh5 18. Qd3 Nhf4 19. Qc4 Ne5 20.
Qa6 Qd8 21. g3 Qg5 22. Qf1 h5 23. Kh1 Nfd3 24. f4 Qg4 25. Re2 h4 26. Qg2
hxg3 27. hxg3 Qh5+ 28. Qh2 Qxh2+ 29. Kxh2 Ng4+ 30. Kg2 Ne3+ 31. Kg1 Nc2 32.
Rf1 Nxa3 33. Rf3 Nb4 34. Nf1 d3 35. Rd2 Nb1 36. Rd1 Nc3 37. Rd2 Nxe4 38. Rd1
Nc3 39. Rd2 Ne2+ 40. Kf2 Nd4 41. Re3 Nf5 42. Rf3 c5 43. a3 Nc6 44. Rfxd3
Nfd4 45. b4 cxb4 46. axb4 Rxb4 47. Ne3 Nf5 48. Ng4 Ncd4 49. Kg2 Rc7 50. Ne5
g5 51. Kh3 gxf4 52. gxf4 Rh7+ 53. Kg4 Rg7+ 54. Kh5 Ng3+ 55. Kh6 Ndf5#
{White checkmated}
0-1

[Event "ICCopen2016"]
[Site "Internet Chess Club"]
[Date "2016.06.04"]
[Round "3"]
[White "toktok"]
[Black "BISPOMAU"]
[Result "0-1"]
[ICCResult "White resigns"]
[WhiteElo "1712"]
[BlackElo "2105"]
[Opening "Sicilian: Smith-Morra gambit"]
[ECO "B21"]
[NIC "SI.48"]
[Time "14:24:37"]
[TimeControl "180+0"]

1. e4 c5 2. d4 d6 3. dxc5 Qa5+ 4. Nc3 Qxc5 5. Be3 Qc7 6. Nf3 Nf6 7. Be2 g6
8. O-O Bg7 9. Nb5 Qd8 10. c4 Nxe4 11. Qc2 Nf6 12. Rfd1 O-O 13. c5 d5 14. Bf4
Bf5 15. Bd3 Bxd3 16. Qxd3 Nc6 17. Nc7 e5 18. Nxe5 Qxc7 19. Nxg6 Qd7 20. Nxf8
Rxf8 21. Bd6 Re8 22. a3 Qg4 23. f3 Qg6 24. b4 Qh5 25. Rac1 Ne5 26. Qd4 Nc4
27. Re1 Re6 28. b5 Ne8 29. Bg3 Bxd4+ {White resigns} 0-1

[Event "ICCopen2016"]
[Site "Internet Chess Club"]
[Date "2016.06.04"]
[Round "3"]
[White "h13"]
[Black "Kalmyk"]
[Result "0-1"]
[ICCResult "White resigns"]
[WhiteElo "2574"]
[BlackElo "2974"]
[Opening "Queen's pawn game"]
[ECO "A46"]
[NIC "QP.05"]
[Time "14:24:29"]
[TimeControl "180+0"]

1. d4 Nf6 2. Nf3 e6 3. Bf4 b6 4. c3 Bb7 5. Nbd2 g6 6. h3 Bg7 7. e3 O-O 8.
Bd3 d6 9. O-O Nc6 10. Bh2 Re8 11. b4 e5 12. b5 Na5 13. Bc2 Nd5 14. c4 Nc3
15. Qe1 exd4 16. Nb3 dxe3 17. Nxa5 e2 18. Nxb7 Qc8 19. Kh1 exf1=Q+ 20. Qxf1
Qxb7 21. Bd3 Ne4 22. Bf4 Bxa1 23. Qxa1 Nxf2+ 24. Kg1 Nxd3 25. Bh6 Ne5 26.
Qd4 Qxf3 {White resigns} 0-1

[Event "ICCopen2016"]
[Site "Internet Chess Club"]
[Date "2016.06.04"]
[Round "3"]
[White "Volkov"]
[Black "EeEk"]
[Result "1-0"]
[ICCResult "Black forfeits on time"]
[WhiteElo "2863"]
[BlackElo "1909"]
[Opening "QGD semi-Slav: 5...Nd7"]
[ECO "D45"]
[NIC "SL.08"]
[Time "14:23:29"]
[TimeControl "180+0"]

1. d4 d5 2. c4 c6 3. Nc3 Nf6 4. e3 e6 5. Nf3 Nbd7 6. b3 Bb4 7. Bd2 O-O 8.
Be2 b6 9. O-O Bxc3 10. Bxc3 Ne4 11. Qc2 Bb7 12. a4 c5 13. a5 Qf6 14. a6 Bc6
15. Bb2 Qg6 16. Bd3 f5 17. Ne5 Nxe5 18. dxe5 dxc4 19. bxc4 Nd2 20. f3 Nxf1
21. Rxf1 Qh6 22. Bc1 Rad8 23. g3 Qh5 24. Be2 Rd7 25. Kg2 Rfd8 26. h4 Qf7 27.
Rh1 h6 28. h5 Qe7 29. Kf2 Rc7 30. Qc3 Rcd7 31. Qc2 Rc7 32. Qb2 Rcd7 33. Qb3
Ba8 34. Qc2 Rc7 35. Qa2 Qd7 36. Qa3 Qc6 37. Qa2 Rcd7 38. Re1 Rd3 39. Qc2
R3d7 40. Qc3 Qc7 41. Qb2 Qc6 42. Qa2 Rc7 43. Qc2 f4 44. gxf4 Qd7 45. Rg1 Qe7
46. Qg6 Qh4+ 47. Rg3 Kh8 48. e4 Qh2+ 49. Rg2 Qh4+ 50. Rg3 Qh2+ 51. Rg2 Qh4+
52. Qg3 Qxh5 53. f5 exf5 54. e6 fxe4 55. Qxc7 e3+ 56. Bxe3 Qe5 57. Qxe5
{Black forfeits on time}
1-0

[Event "ICCopen2016"]
[Site "Internet Chess Club"]
[Date "2016.06.04"]
[Round "3"]
[White "yucatan3000"]
[Black "alexandros"]
[Result "1-0"]
[ICCResult "Black forfeits on time"]
[WhiteElo "1759"]
[BlackElo "1620"]
[Opening "Queen's pawn"]
[ECO "A40"]
[NIC "QO.17"]
[Time "14:23:18"]
[TimeControl "180+0"]

1. d4 e6 2. c3 f5 3. Nf3 Nf6 4. Bg5 Be7 5. Nbd2 d5 6. Ne5 O-O 7. e3 Nbd7 8.
Bd3 Ne4 9. Bxe7 Qxe7 10. Ndf3 Rf6 11. O-O Rh6 12. Nxd7 Bxd7 13. Bxe4 fxe4
14. Ne5 Qh4 15. h3 Be8 16. Qg4 Qf6 17. Qg3 Bb5 18. Ng4 Qg6 19. Nxh6+ Qxh6
20. Rfe1 Rf8 21. Qxc7 Qf6 22. Qg3 h5 23. h4 Qf5 24. Rac1 Rf6 25. b3 Rg6 26.
Qf4 Qh3 27. Qh2 Qg4 28. c4 Bc6 29. c5 Rf6 30. Qg3 Qf5 31. a4 a5 32. Rf1 Kh7
33. f3 Rg6 34. Qf4 Qh3 35. Qh2 Qf5 36. fxe4 Qxe4 37. Rce1 Rg4 38. Rf4 Rxf4
39. Qxf4 Qxf4 40. exf4 Bd7 41. Re5 Kg6 42. f5+ exf5 43. Rxd5 Bc6 44. Rd6+
Kf7 45. d5 Be8 46. Rb6 {Black forfeits on time} 1-0

[Event "ICCopen2016"]
[Site "Internet Chess Club"]
[Date "2016.06.04"]
[Round "3"]
[White "INDIAN-ELEPHANT"]
[Black "x22"]
[Result "1-0"]
[ICCResult "Black resigns"]
[WhiteElo "2818"]
[BlackElo "2410"]
[Opening "Catalan: open, 5.Nf3"]
[ECO "E04"]
[NIC "CA.03"]
[Time "14:23:57"]
[TimeControl "180+0"]

1. Nf3 d5 2. d4 Nf6 3. c4 e6 4. g3 dxc4 5. Bg2 c5 6. O-O cxd4 7. Nxd4 Nbd7
8. Nd2 Nb6 9. Nxc4 Nxc4 10. Qa4+ Bd7 11. Qxc4 Rc8 12. Qb3 b6 13. Bf4 Bc5 14.
Rfd1 Qe7 15. Bb7 e5 16. Bxc8 Bxc8 17. Nc6 exf4 18. Nxe7 Kxe7 19. Rac1 fxg3
20. hxg3 Be6 21. Qa4 a5 22. Rxc5 bxc5 23. Qxa5 Rc8 24. Qb6 Nd7 25. Qb7 Rd8
26. a4 Ke8 27. a5 Rb8 28. Rxd7 Rxb7 29. Rxb7 Bc4 30. Rc7 Bxe2 31. Rxc5 Kd7
32. b4 Kd6 33. Rc8 h5 34. Rb8 Kc7 35. Rg8 g6 36. Rf8 Bc4 37. f4 Kb7 38. Kh2
Ka6 39. Rb8 Ka7 40. Rb6 Bd5 41. b5 Bc4 42. Kh3 f5 43. Rxg6 Bxb5 44. Rg5 Be2
45. Kh4 Ka6 46. Rxf5 Bf3 47. Rxh5 {Black resigns} 1-0

[Event "ICCopen2016"]
[Site "Internet Chess Club"]
[Date "2016.06.04"]
[Round "3"]
[White "victor22224444"]
[Black "jjn"]
[Result "1-0"]
[ICCResult "Black resigns"]
[WhiteElo "2346"]
[BlackElo "1836"]
[Opening "French: Chigorin variation"]
[ECO "C00"]
[NIC "FR.01"]
[Time "14:23:55"]
[TimeControl "180+0"]

1. e4 e6 2. Qe2 Nf6 3. e5 Nd5 4. g3 Nb6 5. Bg2 d5 6. exd6 Bxd6 7. Nf3 O-O 8.
d4 c6 9. O-O N8d7 10. c4 Bc7 11. b3 Nf6 12. Bb2 Re8 13. Nbd2 a5 14. a4 Nbd7
15. Rad1 Bd6 16. Ne5 Bb4 17. Ndf3 Nf8 18. h4 N6d7 19. Ng5 Nxe5 20. dxe5 Qe7
21. f4 h6 22. Ne4 Bd7 23. Qg4 Kh8 24. Bd4 Rac8 25. Kh2 b5 26. c5 bxa4 27.
bxa4 Rcd8 28. Nd6 Bc8 29. Qh5 Ng6 30. Be4 Ba6 31. Rf2 Rf8 32. Bxg6 fxg6 33.
Qxg6 Rf5 34. Nxf5 exf5 35. e6 Rf8 36. Qxh6+ Kg8 37. Qg6 Bc8 38. Re2 Bxc5 39.
Bxc5 Qxc5 40. e7 {Black resigns} 1-0

[Event "ICCopen2016"]
[Site "Internet Chess Club"]
[Date "2016.06.04"]
[Round "3"]
[White "nadalthegreat"]
[Black "TIGRANO"]
[Result "0-1"]
[ICCResult "White resigns"]
[WhiteElo "1916"]
[BlackElo "3131"]
[Opening "Benko's opening"]
[ECO "A00"]
[NIC "VO.09"]
[Time "14:24:41"]
[TimeControl "180+0"]

1. g3 d5 2. Bg2 c6 3. c4 Nf6 4. cxd5 cxd5 5. d4 Nc6 6. Bg5 Bf5 7. Nc3 e6 8.
Nf3 Bb4 9. O-O Bxc3 10. bxc3 O-O 11. Ne5 Rc8 12. f3 Bg6 13. e4 dxe4 14. fxe4
Nxe5 15. dxe5 Qxd1 16. Raxd1 Nxe4 17. Bxe4 Bxe4 18. Rd4 Bd5 19. a3 Rxc3 20.
Be7 Rfc8 21. Bb4 Rc2 22. Bd2 b5 23. Rb1 a6 24. Re1 h6 25. Kf2 R8c3 26. Ke2
Rxa3 27. Kf2 g5 28. Re2 Kg7 29. h4 Rf3+ 30. Kg1 Rxg3+ 31. Kh2 Rf3 32. hxg5
hxg5 33. Rg2 Rf5 34. Rdg4 Bxg2 {White resigns} 0-1

[Event "ICCopen2016"]
[Site "Internet Chess Club"]
[Date "2016.06.04"]
[Round "3"]
[White "ebochess"]
[Black "Giantvin"]
[Result "0-1"]
[ICCResult "White checkmated"]
[WhiteElo "1505"]
[BlackElo "1791"]
[Opening "Queen's pawn game"]
[ECO "D02"]
[NIC "QP.08"]
[Time "14:22:57"]
[TimeControl "180+0"]

1. d4 d5 2. Nf3 e6 3. Bf4 Nf6 4. e3 c5 5. c3 a6 6. Bd3 Nc6 7. O-O Be7 8. Qe2
O-O 9. Nbd2 h6 10. h3 Bd6 11. Bxd6 Qxd6 12. Rfe1 e5 13. dxe5 Nxe5 14. Nxe5
Qxe5 15. Nf3 Qc7 16. Rad1 Re8 17. Nh4 Qe5 18. Bc2 Ne4 19. Nf3 Qe6 20. Bxe4
Qxe4 21. b3 Be6 22. Nd2 Qg6 23. Kh2 b5 24. Nf3 Qf6 25. Rd2 Rad8 26. Rc1 g6
27. Ne1 Kg7 28. Nd3 Qe7 29. Nf4 Qc7 30. Kg1 Qe7 31. Rcd1 Qg5 32. Nxe6+ fxe6
33. Qg4 Qxg4 34. hxg4 Kf6 35. f4 Rd7 36. g3 Red8 37. e4 d4 38. e5+ Ke7 39.
cxd4 cxd4 40. Kf2 d3 41. Ke3 Rc8 42. Rxd3 Rxd3+ 43. Rxd3 Rc2 44. Rd2 Rc1 45.
Kf2 Rh1 46. Rc2 Rh2+ 47. Kf3 Rxc2 48. Ke4 Rxa2 49. f5 Rb2 50. f6+ Kf7 51. g5
Rxb3 52. g4 hxg5 53. Kd4 Rg3 54. Kc5 Rxg4 55. Kb6 Re4 56. Kxa6 Rxe5 57. Ka5
Rf5 58. Kb4 Rxf6 59. Kxb5 g4 60. Kc4 g3 61. Kd4 g2 62. Ke4 g1=Q 63. Ke5 Qg5+
64. Ke4 Rf4+ 65. Ke3 Qg3+ 66. Ke2 Rf2+ 67. Ke1 Qg1# {White checkmated} 0-1

[Event "ICCopen2016"]
[Site "Internet Chess Club"]
[Date "2016.06.04"]
[Round "3"]
[White "Xadrez47"]
[Black "Chapo2"]
[Result "0-1"]
[ICCResult "White resigns"]
[WhiteElo "1459"]
[BlackElo "1979"]
[Opening "French: Rubinstein variation"]
[ECO "C10"]
[NIC "FR.04"]
[Time "14:24:35"]
[TimeControl "180+0"]

1. d4 e6 2. Nc3 d5 3. e4 dxe4 4. f3 Nd7 5. fxe4 Be7 6. e5 b6 7. Nf3 Bb7 8.
Bd3 c5 9. O-O cxd4 10. Ne4 Nc5 11. Bb5+ Kf8 12. Nfg5 Bxg5 13. Bxg5 Qd5 14.
Rxf7+ Kxf7 15. Qf3+ Kg6 16. Bd3 Nxe4 17. Rf1 h6 18. Qf7+ Kh7 19. Bf6 Nxf6
20. exf6 Rhg8 21. Rf4 Raf8 22. Qh5 g6 23. Qh3 Rxf6 24. Rh4 g5 25. Bxe4+ Qxe4
26. Rxe4 Bxe4 27. Qf3 Bxf3 {White resigns} 0-1

[Event "ICCopen2016"]
[Site "Internet Chess Club"]
[Date "2016.06.04"]
[Round "3"]
[White "kingsac"]
[Black "FlashGordon"]
[Result "1-0"]
[ICCResult "Black forfeits on time"]
[WhiteElo "1819"]
[BlackElo "1419"]
[Opening "Sicilian: Grand Prix attack"]
[ECO "B23"]
[NIC "SI.44"]
[Time "14:23:16"]
[TimeControl "180+0"]

1. e4 c5 2. Nc3 Nc6 3. f4 e6 4. Nh3 d5 5. Nf2 d4 6. Ne2 h5 7. d3 Bd7 8. g3
h4 9. g4 e5 10. f5 Nf6 11. h3 Be7 12. Bg2 Nh7 13. b3 O-O 14. O-O Bg5 15. Ba3
Qa5 16. Bb2 Qc7 17. a3 Qd6 18. c4 dxc3 19. Nxc3 Nd4 20. Nd5 Bc6 21. Bxd4
exd4 22. Qc2 Rac8 23. Rfe1 Rfe8 24. Re2 b6 25. Rae1 Qg3 26. Nh1 Qe5 27. Qc4
Bxd5 28. exd5 Be3+ 29. Rxe3 dxe3 30. Be4 Ng5 31. Rxe3 Nxe4 32. Rxe4 Qa1+ 33.
Kg2 Rxe4 34. dxe4 Qb2+ 35. Nf2 Re8 36. d6 {Black forfeits on time} 1-0

[Event "ICCopen2016"]
[Site "Internet Chess Club"]
[Date "2016.06.04"]
[Round "3"]
[White "Rammstein"]
[Black "Piranha"]
[Result "1-0"]
[ICCResult "Black resigns"]
[WhiteElo "2163"]
[BlackElo "1739"]
[Opening "Dutch defense"]
[ECO "A81"]
[NIC "HD.12"]
[Time "14:24:01"]
[TimeControl "180+0"]

1. d4 f5 2. g3 Nf6 3. Bg2 g6 4. Nh3 Bg7 5. c3 O-O 6. Qb3+ Kh8 7. Bxb7 Bxb7
8. Qxb7 Nc6 9. Qb3 e5 10. d5 Rb8 11. Qc4 Ne7 12. Ng5 Nexd5 13. Nd2 h6 14. h4
c6 15. e4 Nxe4 16. Ngxe4 fxe4 17. Nxe4 Qe7 18. O-O Rf3 19. Qe2 Rbf8 20. Kg2
Qe6 21. Nd2 R3f7 22. Nc4 Qg4 23. Qxg4 {Black resigns} 1-0

[Event "ICCopen2016"]
[Site "Internet Chess Club"]
[Date "2016.06.04"]
[Round "3"]
[White "Shafkat"]
[Black "cap78red"]
[Result "1-0"]
[ICCResult "Black forfeits on time"]
[WhiteElo "1647"]
[BlackElo "1350"]
[Opening "Alekhine's defense"]
[ECO "B03"]
[NIC "AL.09"]
[Time "14:23:06"]
[TimeControl "180+0"]

1. e4 Nf6 2. e5 Nd5 3. d4 d6 4. exd6 exd6 5. Nf3 Bg4 6. h3 Bh5 7. Be2 Be7 8.
b3 c5 9. dxc5 dxc5 10. Bb2 Nf4 11. Qxd8+ Bxd8 12. Bb5+ Nc6 13. Bxc6+ bxc6
14. O-O O-O 15. Na3 Nxh3+ 16. gxh3 Bxf3 17. Nc4 Bf6 18. Bxf6 gxf6 19. Kh2
Kh8 20. Rg1 Rg8 21. Rg3 Rxg3 22. fxg3 Bd5 23. Ne3 Re8 24. Re1 Kg8 25. Kg1
Kf8 26. Kf2 Be6 27. g4 Rd8 28. Re2 Rd4 29. c3 Rd3 30. c4 Rd4 31. Nc2 Rd3 32.
Ne3 f5 33. gxf5 Bd7 34. Kf3 Be8 35. Kg2 f6 36. Ng4 Bh5 37. Re6 Bxg4 38. hxg4
Kg7 39. Rxc6 Rd2+ 40. Kg3 Rxa2 41. Rxc5 Ra3 42. Rc7+ Kh6 43. Kf4 Rxb3 44.
Rxa7 Rf3+ 45. Ke4 Rc3 46. Kd4 Rg3 47. c5 Rxg4+ 48. Kd5 Rg1 49. c6 Rd1+ 50.
Ke6 Rc1 51. c7 Kg5 52. Kd7 Rd1+ 53. Kc8 Kxf5 54. Rb7 Ke6 55. Kb8 Kd7 56.
c8=Q+ {Black forfeits on time} 1-0

[Event "ICCopen2016"]
[Site "Internet Chess Club"]
[Date "2016.06.04"]
[Round "3"]
[White "karodash"]
[Black "Jemm"]
[Result "1-0"]
[ICCResult "Black forfeits on time"]
[WhiteElo "1569"]
[BlackElo "1201"]
[Opening "Sicilian: Grand Prix attack"]
[ECO "B23"]
[NIC "SI.44"]
[Time "14:23:42"]
[TimeControl "180+0"]

1. e4 c5 2. Nc3 Nc6 3. f4 d6 4. Nf3 e6 5. Bc4 Be7 6. O-O Nf6 7. d3 O-O 8. e5
Nd7 9. exd6 Bxd6 10. Ne4 Bb8 11. Nfg5 Qc7 12. Qh5 h6 13. Nxf7 Rxf7 14. Bxe6
Nf6 15. Nxf6+ gxf6 16. Qg4+ Kh8 17. Bxc8 Rg7 18. Qh3 Nd4 19. Qxh6+ Kg8 20.
Bh3 a5 21. c3 Ne2+ 22. Kh1 Nxc1 23. Raxc1 Ra6 24. Rce1 Qd8 25. Be6+ Rf7 26.
Qg6+ Kh8 27. Bxf7 f5 28. Qh5+ {Black forfeits on time} 1-0

[Event "ICCopen2016"]
[Site "Internet Chess Club"]
[Date "2016.06.04"]
[Round "3"]
[White "jc-arias"]
[Black "Ecuadorian"]
[Result "1-0"]
[ICCResult "Black forfeits on time"]
[WhiteElo "2149"]
[BlackElo "1736"]
[Opening "Scandinavian (center counter) defense"]
[ECO "B01"]
[NIC "VO.17"]
[Time "14:22:50"]
[TimeControl "180+0"]

1. e4 d5 2. exd5 Qxd5 3. Nf3 Bg4 4. Be2 Nf6 5. d4 Nc6 6. O-O O-O-O 7. Be3 e6
8. c4 Qh5 9. Nc3 Bd6 10. h3 Bxh3 11. gxh3 Qxh3 12. c5 Bxc5 13. dxc5 Rxd1 14.
Rfxd1 Ng4 15. Ne4 Nxe3 16. fxe3 f5 17. Nf2 Qg3+ 18. Kf1 h5 19. Nh1 Qh3+ 20.
Kf2 g5 21. Rg1 g4 22. Rg3 Qxg3+ 23. Nxg3 gxf3 24. Bxf3 Ne5 25. Bxh5 Nd3+ 26.
Ke2 Nxc5 27. Rh1 Kd8 28. Bf3 Rxh1 29. Nxh1 c6 30. Nf2 Ke7 31. Nd3 Na4 32.
Kd2 Nb6 33. b3 Kd6 34. Kc3 e5 35. Bg2 e4 36. Nf4 Nd5+ 37. Nxd5 cxd5 38. Kd4
b6 39. Bh3 Ke6 40. b4 a5 41. bxa5 bxa5 42. a4 Kf6 43. Bxf5 Kxf5 44. Kxd5 Kg4
45. Kxe4 {Black forfeits on time} 1-0

[Event "ICCopen2016"]
[Site "Internet Chess Club"]
[Date "2016.06.04"]
[Round "3"]
[White "Colombiano07"]
[Black "Biscuetz"]
[Result "1-0"]
[ICCResult "Black resigns"]
[WhiteElo "1949"]
[BlackElo "1524"]
[Opening "Queen's pawn"]
[ECO "A40"]
[NIC "QO.17"]
[Time "14:24:16"]
[TimeControl "180+0"]

1. d4 e6 2. Bf4 c5 3. e3 cxd4 4. exd4 Nf6 5. Bd3 Qb6 6. Nf3 Be7 7. Qc1 Nc6
8. c3 Nd5 9. Bg3 d6 10. O-O Bd7 11. Nbd2 O-O 12. Nc4 Qc7 13. Ne3 Nxe3 14.
Qxe3 Rac8 15. Rfe1 Bf6 16. Bh4 Qd8 17. Bg5 h6 18. Bf4 Ne7 19. Bxd6 Re8 20.
Ne5 Nd5 21. Qg3 Bc6 22. Nxc6 bxc6 23. Be5 Bxe5 24. Rxe5 c5 25. dxc5 Rxc5 26.
Rae1 Qb6 27. Be4 Nf6 28. Rxc5 Qxc5 29. h3 Qb5 30. b3 a5 31. c4 Qb4 32. Re3
Rd8 33. Bf3 a4 34. Qc7 Rd2 35. Qc6 Rxa2 36. bxa4 Rxa4 37. c5 Qb8 38. Qxa4
Qb1+ 39. Kh2 Qb8+ 40. g3 Nd5 41. Bxd5 exd5 42. Re8+ Qxe8 43. Qxe8+ Kh7 44.
Qxf7 {Black resigns} 1-0

[Event "ICCopen2016"]
[Site "Internet Chess Club"]
[Date "2016.06.04"]
[Round "3"]
[White "PauldeRome"]
[Black "MasterZachary"]
[Result "0-1"]
[ICCResult "White forfeits on time"]
[WhiteElo "1738"]
[BlackElo "2135"]
[Opening "Two knights defense (Modern bishop's opening)"]
[ECO "C55"]
[NIC "IG.01"]
[Time "14:23:04"]
[TimeControl "180+0"]

1. e4 e5 2. Nf3 Nc6 3. Bc4 Nf6 4. d3 Be7 5. c3 O-O 6. Bb3 d5 7. Qe2 Bg4 8.
h3 Bh5 9. Nbd2 Bg6 10. O-O b5 11. Bc2 d4 12. Rd1 dxc3 13. bxc3 b4 14. c4 Bh5
15. g4 Nxg4 16. hxg4 Bxg4 17. Bb2 f5 18. exf5 Rxf5 19. Qe4 Qd7 20. Ba4 Rf6
21. Nxe5 Qe6 22. Nxg4 Qxe4 23. Nxf6+ Bxf6 24. Nxe4 Bxb2 25. Bxc6 Rb8 26.
Rab1 Bd4 27. Bd5+ Kf8 28. Kg2 a5 29. Ng3 a4 30. Be4 b3 31. axb3 a3 32. Ra1
Rxb3 33. Ra2 g6 34. Bd5 c5 35. Ne2 Rb2 36. Rxb2 Bxb2 37. Nf4 a2 38. Re1 a1=Q
39. Rxa1 Bxa1 40. Ne6+ Ke7 41. Nxc5 Kd6 42. Ne4+ Ke5 43. Kf3 Kd4 44. Nd2
Kxd3 45. Nb3 Kc3 46. c5 Kb4 47. c6 Be5 48. Nd4 Bxd4 49. c7 Bb6 50. c8=Q Ka5
51. Qc4 Bc5 52. Qb3 Ka6 53. Bc6 Ka7 54. Qb5 Bb6 55. Qa4+ Kb8 56. Qb5 Kc7
{White forfeits on time}
0-1

[Event "ICCopen2016"]
[Site "Internet Chess Club"]
[Date "2016.06.04"]
[Round "3"]
[White "attalone"]
[Black "waynehatcher"]
[Result "0-1"]
[ICCResult "White forfeits on time"]
[WhiteElo "1189"]
[BlackElo "1561"]
[Opening "QGD semi-Slav"]
[ECO "D43"]
[NIC "SL.06"]
[Time "14:23:31"]
[TimeControl "180+0"]

1. d4 d5 2. c4 c6 3. Nc3 e6 4. Nf3 Nf6 5. Bg5 g6 6. e3 Bg7 7. cxd5 exd5 8.
Be2 O-O 9. O-O Re8 10. Qc2 Qd6 11. Bf4 Qe7 12. Bg3 Bf5 13. Qb3 b6 14. Ne5
Nfd7 15. Nxd7 Nxd7 16. Bf3 Rac8 17. Rac1 Nf6 18. Be5 Qd7 19. a3 Ng4 20. h3
Nxe5 21. dxe5 Bxe5 22. Ne2 Be6 23. Nd4 Bxd4 24. exd4 Bf5 25. Rcd1 Be4 26.
Bxe4 Rxe4 27. f3 Re2 28. Rf2 Rce8 29. Rxe2 Rxe2 30. Rf1 Qe6 31. Rf2 f5 32.
Rxe2 Qxe2 33. Kh2 Qe6 34. Qb4 Kf7 35. Qa4 Qd7 36. Qb4 Ke6 37. Qd2 Kf7 38.
Qh6 Kg8 39. Qd2 Kg7 40. Qe2 Qd6+ 41. Kg1 Kf7 42. Qe3 f4 43. Qe2 Qe6 44. Kf2
Kf6 45. Qxe6+ Kxe6 46. Ke2 c5 47. Kd3 c4+ 48. Kd2 a5 49. b3 b5 50. bxc4 bxc4
51. Kc3 Kf5 52. Kd2 g5 53. Ke2 h5 54. Kf2 g4 55. fxg4+ hxg4 56. hxg4+ Kxg4
57. Ke2 Kg3 58. Kf1 f3 59. gxf3 Kxf3 60. Ke1 Ke3 61. Kd1 Kxd4 62. Kc2 Ke3
63. Kc3 d4+ 64. Kxc4 d3 {White forfeits on time} 0-1

[Event "ICCopen2016"]
[Site "Internet Chess Club"]
[Date "2016.06.04"]
[Round "3"]
[White "milinanana"]
[Black "DARKwizard1"]
[Result "0-1"]
[ICCResult "White forfeits on time"]
[WhiteElo "1819"]
[BlackElo "2297"]
[Opening "King's Indian: fianchetto with ...Nc6"]
[ECO "E62"]
[NIC "KI.72"]
[Time "14:22:55"]
[TimeControl "180+0"]

1. d4 Nc6 2. Nf3 d6 3. c4 g6 4. Nc3 Bg7 5. g3 Nf6 6. Bg2 O-O 7. O-O h6 8. e4
e5 9. h3 exd4 10. Nxd4 Ne5 11. b3 Re8 12. Be3 a6 13. Rc1 Bd7 14. Re1 Kh7 15.
f4 Nc6 16. Bf2 Nh5 17. Nxc6 Bxc6 18. Nd5 Qd7 19. Kh2 f5 20. exf5 Qxf5 21. g4
Qf7 22. gxh5 gxh5 23. Qd3+ Kh8 24. Bd4 Bxd5 25. Bxg7+ Kxg7 26. Qd4+ Kh7 27.
Bxd5 Qg7 28. Qxg7+ Kxg7 29. f5 c6 30. Be6 Kf6 31. Rg1 Rh8 32. Rg6+ Ke5 33.
Re1+ Kd4 34. Rd1+ Kc5 35. a3 a5 36. Rb1 Rad8 37. b4+ axb4 38. axb4+ Kb6 39.
f6 d5 40. cxd5 cxd5 41. f7 Kb5 42. Rg8 d4 43. Rh1 Kxb4 44. Rhg1 d3 45. Rxh8
Rxh8 46. Rg8 d2 47. Rg1 Kc3 48. Kg3 b5 49. Kf3 b4 50. Ke2 b3 51. Rg8 Kc2 52.
Bxb3+ Kxb3 53. Rxh8 Kc2 54. Rc8+ Kb3 {White forfeits on time} 0-1

[Event "ICCopen2016"]
[Site "Internet Chess Club"]
[Date "2016.06.04"]
[Round "3"]
[White "Alright2015"]
[Black "Pschaak"]
[Result "1-0"]
[ICCResult "Black forfeits on time"]
[WhiteElo "2103"]
[BlackElo "1752"]
[Opening "Queen's pawn game, Darooha variation "]
[ECO "D11"]
[NIC "QP.06"]
[Time "14:23:26"]
[TimeControl "180+0"]

1. Nf3 Nf6 2. d4 d5 3. c4 c6 4. Qc2 e6 5. Nbd2 Nbd7 6. g3 Be7 7. Bg2 Qa5 8.
O-O O-O 9. e4 dxe4 10. Nxe4 Nxe4 11. Qxe4 Nf6 12. Qc2 Qd8 13. c5 Nd5 14. a3
Bd7 15. Ne5 Rc8 16. Rd1 b6 17. b4 a5 18. Qa4 b5 19. Qb3 f6 20. Nd3 axb4 21.
axb4 Ra8 22. Bb2 Qc7 23. Qc2 Qb7 24. Be4 Rxa1 25. Rxa1 Ra8 26. Rxa8+ Qxa8
27. Bxh7+ Kxh7 28. Ne5+ Kg8 29. Nxd7 Qb7 30. Nb6 Nxb6 31. cxb6 Bxb4 32. Qg6
Qxb6 33. Qe8+ Kh7 34. Qh5+ Kg8 35. Qe8+ Kh7 36. Qxe6 Qb7 37. Qf5+ Kg8 38.
Qe6+ Kh7 39. h4 Bd2 40. Qf5+ Kg8 41. Qe6+ Kh7 42. Qe4+ Kg8 43. Qe8+ Kh7 44.
h5 Bh6 45. Qg6+ Kg8 46. Qe8+ Kh7 47. Kh2 Qc7 48. Qg6+ Kg8 49. Qe8+ Kh7 50.
Qe4+ Kg8 51. Qe6+ Kh7 52. Ba3 Qd8 53. Qf5+ Kg8 54. Bc5 Qd5 55. Qc8+ Kh7 56.
Qg4 Qg5 57. Qe4+ Kg8 58. g4 {Black forfeits on time} 1-0

[Event "ICCopen2016"]
[Site "Internet Chess Club"]
[Date "2016.06.04"]
[Round "3"]
[White "PITCHUS"]
[Black "Parsifal"]
[Result "1-0"]
[ICCResult "Black checkmated"]
[WhiteElo "1876"]
[BlackElo "2338"]
[Opening "Réti opening"]
[ECO "A05"]
[NIC "QP.11"]
[Time "14:24:11"]
[TimeControl "180+0"]

1. Nf3 Nf6 2. g3 d5 3. c4 d4 4. d3 Nc6 5. Bg2 e5 6. O-O Nd7 7. a3 a5 8. Bd2
Be7 9. Be1 O-O 10. Nbd2 a4 11. b4 axb3 12. Qxb3 Nc5 13. Qb2 Re8 14. Nb3 Na4
15. Qc1 Bf5 16. h3 Qd7 17. Kh2 Rad8 18. Ng5 h6 19. Ne4 Be6 20. Qc2 f5 21.
Ned2 Bf8 22. Na5 Nxa5 23. Nf3 b6 24. Nxe5 Qd6 25. Ng6 Bf7 26. Nxf8 Rxf8 27.
Qxa4 Be8 28. Qb4 c5 29. Qb2 f4 30. Bxa5 bxa5 31. Qb7 Kh8 32. Rab1 Rf6 33.
Bf3 fxg3+ 34. fxg3 Bd7 35. Qd5 Qe7 36. Rb7 Rff8 37. Qe4 Qd6 38. Rfb1 Bc8 39.
R7b6 Qc7 40. Qg6 Rde8 41. Be4 Re7 42. Qh7# {Black checkmated} 1-0